 Dungeon Crawl Stone Soup version 0.31-a0-774-g0d66cbabe8 (webtiles) character file.

Game seed: 10014000601497260219

23 Fodor the Trooper (level 2, -1/27 HPs)
             Began as a Minotaur Fighter on Sept 17, 2023.
             Slain by a gnoll
             ... wielding a +0 flail
              (9 damage)
             ... on level 2 of the Dungeon.
             The game lasted 00:02:43 (608 turns).

Fodor the Trooper (Minotaur Fighter)                 Turns: 608, Time: 00:02:44

Health: -1/27      AC:  7    Str: 20    XL:     2   Next: 75%
Magic:  1/1        EV:  9    Int:  5    God:
Gold:   82         SH:  4    Dex:  9    Spells: 1/1 levels left

rFire   . . .        a - +0 long sword
rCold   . . .        c - +0 buckler
rNeg    . . .        b - +0 scale mail
rPois   .            (helmet restricted)
rElec   .            (no cloak)
rCorr   .            (no gloves)
SInv    .            (no boots)
Will    .....        (no amulet) Stlth
                     (no ring)
HPRegen 0.24/turn    (no ring)
MPRegen 0.07/turn

%: no passive effects
@: no status effects
A: horns 2, retaliatory headbutt
a: no special abilities


You were on level 2 of the Dungeon.
You visited 1 branch of the dungeon, and saw 2 of its levels.

You collected 82 gold pieces.

Inventory:

Hand Weapons
 a - a +0 long sword (weapon)
Armour
 b - a +0 scale mail (worn)
 c - a +0 buckler (worn)
Scrolls
 f - a scroll of poison {unknown}
 h - 2 scrolls of identify {unknown}
Potions
 d - a potion of might
 e - 2 potions of invisibility {unknown}
 g - a potion of experience {unknown}


   Skills:
 + Level 4.2 Fighting
 + Level 2.5 Long Blades
 + Level 4.0 Armour
 + Level 4.0 Shields


You had one spell level left.
You didn't know any spells.
Your spell library contained the following spells:

 Spells                   Type           Power      Damage    Failure   Level
 Ignite Poison            Fire/Tmut/Pois 0%         N/A       99%         3
 Sticky Flame             Conj/Fire      0%         2d3       100%        4
 Ignition                 Fire           0%         3d3       100%        8


Dungeon Overview and Level Annotations

Branches:
Dungeon (2/15)

Altars:

Shops:
D:1 (


Innate Abilities, Weirdness & Mutations

You have a pair of horns on your head.
You reflexively headbutt those who attack you in melee.


Message History

You miss the adder. The adder bites you but does no damage.
You block the frilled lizard's attack. The adder bites you but does no damage.
You hit the adder.
The adder is heavily wounded.
The adder bites you but does no damage.
The frilled lizard bites you but does no damage.
You miss the adder.
The adder is heavily wounded.
The adder bites you but does no damage.
The frilled lizard bites you but does no damage.
The adder bites you but does no damage.
You closely miss the adder.
The adder is heavily wounded.
The adder bites you but does no damage. You block the frilled lizard's attack.
The endoplasm hits you. The gnoll hits you with a +0 flail.
The adder bites you but does no damage. The frilled lizard barely misses you.
You furiously retaliate!
You headbutt the frilled lizard!
You kill the frilled lizard!
The gnoll hits you but does no damage. The endoplasm freezes you.
You are frozen.
You hit the adder.
The adder is severely wounded.
You block the adder's attack. You block the gnoll's attack.
The endoplasm hits you.
You barely miss the adder.
The adder is severely wounded.
The adder closely misses you. The endoplasm freezes you.
You are frozen.
The gnoll hits you but does no damage. The adder closely misses you.
You miss the adder.
The adder is severely wounded.
The adder barely misses you. You furiously retaliate!
You headbutt the adder!
You kill the adder!
The endoplasm freezes you.
You are frozen.
The gnoll hits you with a +0 flail.
* * * LOW HITPOINT WARNING * * *
The gnoll hits you with a +0 flail!
You die...

#..# #..# #
#..# ..
#..###...
#<.......
#######......##
.........##..#
.........# .#
..!....@.#
......g)J......
........##....#
.>....... .##..
......... # .
..$.#..##.
....... .
....... ..


You could see a gnoll and an endoplasm.

Vanquished Creatures
  An adder (D:2)
  A dart slug (D:1)
  A ball python (D:1)
  2 endoplasms (D:1)
  4 giant cockroaches (D:1)
  4 hobgoblins (D:1)
  2 frilled lizards
  3 kobolds (D:1)
  2 rats (D:1)
20 creatures vanquished.

Notes
Turn   | Place    | Note
-------+----------+-------------------------------------------
     0 | D:1      | Fodor the Minotaur Fighter began the quest for the Orb.
     0 | D:1      | Reached XP level 1. HP: 19/19 MP: 0/0
   203 | D:1      | Found Finkohy's Weapon Emporium.
   205 | D:1      | Reached XP level 2. HP: 27/27 MP: 1/1
   608 | D:2      | Slain by a gnoll

Illustrated notes

Levels and vault maps discovered:
D:1:      dpeg_arrival_rhombi, layout_rooms, serial_shops,
          nicolae_shop_getting_attention
D:2:      layout_rooms, palyth_stone_intersect

Skill      XL: |  1  2 |
---------------+-------+-----
Shields        | 4 |  4.0
Fighting       | 4 |  4.2
Armour         | 4 |  4.0
Long Blades    | |  2.5

Action                     || total
---------------------------++-------
  Melee: Long sword        ||    52
         Headbutt          ||     6
 Armour: Scale mail        ||    40
  Dodge: Dodged            ||    20
  Block: Buckler           ||     9

Table legend: (Time is in decaauts)
 A = Elapsed time spent in this place.
 B = Non-inter-level travel time spent in this place.
 C = Inter-level travel time spent in this place.
 D = Time resting spent in this place.
 E = Time spent auto-exploring this place.
 F = Levels seen in this place.
 G = Mean time per level.
                   A        B        C        D        E       F      G
               +--------+--------+--------+--------+--------+-----+--------+
         Total |    622 |    594 |     28 |     35 |      0 |   2 |  311.0 |
       Dungeon |    622 |    594 |     28 |     35 |      0 |   2 |  311.0 |
               +--------+--------+--------+--------+--------+-----+--------+

Top non-repeatable levels by time:
     D:1: 610 daAuts
     D:2: 12 daAuts
